 Dungeon Crawl Stone Soup version 0.18-a0-1426-g3b9a63c (webtiles) character file.

362 namelastname112 the Insei (level 6, -4/51 HPs)
             Began as a Draconian Monk on Feb 27, 2016.
             Slain by an ogre
             ... wielding a +0 giant club
              (13 damage)
             ... on level 4 of the Dungeon.
             The game lasted 00:06:38 (4393 turns).

namelastname112 the Insei (Draconian Monk)          Turns: 4393, Time: 00:06:38

Health: -4/51      AC:  8    Str: 14    XL:     6   Next: 39%
Magic:  6/6        EV: 13    Int: 10    God:
Gold:   157        SH:  0    Dex: 15    Spells: 0 memorised, 5 levels left

rFire  . . .     SeeInvis .     f - +1 dagger (venom)
rCold  . . .     Gourm    .     (armour unavailable)
rNeg   + . .     Faith    .     (no shield)
rPois  .         Spirit   .     (helmet restricted)
rElec  .         Dismiss  .     A - +0 cloak
rCorr  .         Reflect  .     (no gloves)
SustAt .         Harm     .     p - +0 pair of boots
MR     +....                    (no amulet)
Stlth  ++........               B - ring of protection from magic
                                n - ring of positive energy

@: somewhat resistant to hostile enchantments, unstealthy
A: unfitting armour, cold-blooded, AC +6
a: no special abilities


You were on level 4 of the Dungeon.
You were not hungry.

You visited 1 branch of the dungeon, and saw 4 of its levels.
You also visited: Sewer.

You collected 157 gold pieces.

Inventory:

Hand Weapons
 f - a +1 dagger of venom (weapon)
 z - a +0 blowgun
Missiles
 y - 8 curare-tipped needles
 C - 16 poisoned needles
Armour
 p - a +0 pair of boots (worn)
 q - a +0 buckler
 A - a +0 cloak (worn)
Jewellery
 n - a ring of positive energy (left hand)
 B - a ring of protection from magic (right hand)
Wands
 x - a wand of acid (8/15)
Scrolls
 d - a scroll of teleportation {unknown}
 i - 5 scrolls of identify {unknown}
 j - 2 scrolls of remove curse {unknown}
 k - a scroll of fear {unknown}
 m - 4 scrolls of blinking {unknown}
 o - a scroll of enchant weapon {unknown}
 u - 2 scrolls of enchant armour {unknown}
 D - a scroll of noise {unknown}
 G - a scroll of magic mapping {unknown}
Potions
 b - 3 potions of heal wounds {unknown}
 c - a potion of ambrosia {unknown}
 e - 3 potions of mutation {unknown}
 g - a potion of resistance {unknown}
 h - a potion of might {unknown}
 l - 2 potions of haste {unknown}
 s - a potion of degeneration {unknown}
 t - a potion of cancellation {unknown}
 w - a potion of lignification {unknown}
 E - 5 potions of magic {unknown}
 F - a potion of curing
Comestibles
 a - 2 bread rations
 r - 3 fruits
 v - 2 meat rations


   Skills:
 - Level 3.2 Fighting
 - Level 2.6 Dodging
 - Level 1.7 Stealth
 + Level 7.8 Unarmed Combat


You had 5 spell levels left.
You didn't know any spells.

Dungeon Overview and Level Annotations

Branches:
Dungeon (4/15)
 Temple: D:4-7

Altars:
Makhleb
Pakellas


Innate Abilities, Weirdness & Mutations

Your plain brown scales are hard (AC +6).
Your body does not fit into most forms of armour.
You are cold-blooded and may be slowed by cold attacks.


Message History

An ogre is nearby!
An ogre is nearby!
An ogre is nearby!
The ogre hits you with a giant club!
You closely miss the ogre.
Your tail-slap misses the ogre.
The ogre hits you with a giant club!
You hit the ogre but do no damage.
The ogre is poisoned.
You tail-slap the ogre.
The ogre is lightly wounded.
You hit the ogre.
The ogre looks even sicker.
The ogre is lightly wounded.
The ogre hits you with a giant club!!
* * * LOW HITPOINT WARNING * * *
You hit the ogre.
The ogre looks even sicker.
The ogre is severely wounded.
The ogre closely misses you.
You closely miss the ogre.
The ogre is severely wounded.
The ogre hits you with a giant club!
You die...

#.#..###### ..#..#
..#..##### ....>......
##.######## #.## #.≈##
##### #.≈.###...#######
#..≈##.....#...@# ####
..#≈≈#≈≈≈#≈≈#...O+.....
###≈≈#≈.≈#≈≈#....#....#
#.≈#≈.≈#≈.#.........#
#.≈#≈÷≈#≈≈#...........
#≈≈#≈.≈#≈≈#...........
#.≈#≈.≈#≈≈#...........
#≈≈..≈##≈≈#........###
##≈..###≈≈.........#


You could see an ogre.

Vanquished Creatures
  Crazy Yiuf (D:3)
  3 orc wizards
  A worker ant (D:4)
  4 gnolls
  5 adders
  A worm (D:2)
  A dart slug (D:1)
  8 giant geckos
  7 orcs (D:3)
  9 giant cockroaches
  11 goblins
  8 hobgoblins
  15 jackals
  A quokka (D:3)
  10 ball pythons
  7 bats
  9 giant newts
  18 kobolds
  9 rats
  7 plants (Sewer)
135 creatures vanquished.

Notes
Turn   | Place    | Note
--------------------------------------------------------------
     0 | D:1      | namelastname112 the Draconian Monk began the quest for the Orb.
     0 | D:1      | Reached XP level 1. HP: 19/19 MP: 1/1
    82 | D:1      | Reached XP level 2. HP: 10/26 MP: 2/2
   780 | D:1      | Reached skill level 5 in Unarmed Combat
   780 | D:1      | Reached XP level 3. HP: 29/31 MP: 3/3
  1313 | D:2      | Reached XP level 4. HP: 28/38 MP: 4/4
  1684 | D:2      | Found a burning altar of Makhleb.
  1684 | D:2      | Noticed a green death
  1854 | D:3      | Reached skill level 6 in Unarmed Combat
  2151 | D:2      | Reached XP level 5. HP: 21/45 MP: 5/5
  2647 | D:3      | Reached skill level 7 in Unarmed Combat
  3199 | D:3      | Found an oddly glowing altar of Pakellas.
  3199 | D:3      | Noticed a five-headed hydra
  3307 | D:3      | Noticed Crazy Yiuf
  3323 | D:3      | Killed Crazy Yiuf
  3323 | D:3      | Reached XP level 6. HP: 51/51 MP: 6/6
  3516 | D:4      | Found a glowing drain.
  3545 | Sewer    | Entered a sewer
  4393 | D:4      | Slain by an ogre

Vault maps used:
D:1:      lemuel_arrival_tunnels
D:2:      makhleb_altar_promises_db
D:3:      gammafunk_pakellas_cloud_experiment, first_bread,
          minmay_shallow_snake_nest, uniq_crazy_yiuf_cottage
D:4:      gup_sewer_entry_pipe, uniq_grinder, uniq_sigmund
Sewer:    sewer_co_scattered_pipes

Skill      XL: |  1  2  3  4  5 |
---------------+----------------+-----
Unarmed Combat | 5 6 7 |  7.8
Fighting       | |  3.2
Dodging        | |  2.6
Stealth        | |  1.7

Action                   |  1- 3 |  4- 6 || total
-------------------------+-------+-------++-------
Melee: Unarmed           |    32 |       ||    32
       Dagger            |   101 |   421 ||   522
 Fire: Blowgun           |       |     3 ||     3
  Use: Potion            |       |     3 ||     3
 Stab: Sleeping          |       |     3 ||     3
  Eat: Chunk             |     1 |    10 ||    11
       Pizza             |       |     1 ||     1
